 Dungeon Crawl Stone Soup version 0.27-a0-795-ge5c3fa52fd (webtiles) character file.

Game seed: 9140093984188971715

15 EnegeticOcto the Magician (level 2, -1/22 HPs)
             Began as a Djinni Conjurer on Mar 27, 2021.
             Slain by a goblin
             ... wielding a +0 dagger
              (3 damage)
             ... on level 4 of the Dungeon.
             The game lasted 00:01:35 (285 turns).

EnegeticOcto the Magician (Djinni Conjurer)          Turns: 285, Time: 00:01:35

Health: -1/22      AC:  2    Str:  6    XL:     2   Next: 50%
Gold:   15         EV: 12    Int: 19    God:
                   SH:  0    Dex: 11

rFire    + + .     SeeInvis .   b - +0 hand axe
rCold    x . .     Faith    .   (no shield)
rNeg     . . .     Spirit   .   a - +0 robe
rPois    ∞         Reflect  .   (no helmet)
rElec    .         Harm     .   (no cloak)
rCorr    .         Rampage  .   (no gloves)
Will     .....                  (boots unavailable)
Stlth    ++........             (no amulet)
HPRegen  0.07/turn              (no ring)
MPRegen  0.00/turn              (no ring)

@: flying
A: fire resistance 2, cold vulnerability 1, float, innate caster, hp casting,
extra vitality 1
a: no special abilities


You were on level 4 of the Dungeon.
You visited 1 branch of the dungeon, and saw 4 of its levels.

You collected 15 gold pieces.

Inventory:

Hand Weapons
 b - a +0 hand axe (weapon)
   (You found it on level 1 of the Dungeon)
Armour
 a - a +0 robe (worn)
Jewellery
 h - a ring of positive energy
   (You found it on level 3 of the Dungeon)
Scrolls
 f - a scroll of silence {unknown}
 g - a scroll of teleportation {unknown}
Potions
 c - a potion of lignification {unknown}
 d - 3 potions of heal wounds {unknown}
 e - a potion of curing {unknown}


   Skills:
 + Level 1.3 Fighting
 - Level 2.1 Dodging
 - Level 1.5 Stealth
 + Level 3.9 Spellcasting


You couldn't memorise any spells.
You knew the following spells:

 Your Spells              Type           Power      Damage    Failure   Level
a - Magic Dart            Conj           72%        1d6       2%          1
b - Searing Ray           Conj           36%        3d4       4%          2
c - Dazzling Flash        Conj/Hex       36%        N/A       9%          3
d - Fulminant Prism       Conj/Hex       9%         3d7       28%         4
e - Iskenderun's Mystic   Conj/Tloc      18%        2d6       28%         4
Your spell library was empty.

Dungeon Overview and Level Annotations

Branches:
Dungeon (4/15)
 Temple: D:4-7

Altars:
Nemelex Xobeh
Sif Muna
Yredelemnul


Innate Abilities, Weirdness & Mutations

You are immune to poison.
Your flesh is very heat resistant. (rF++)
You are vulnerable to cold. (rC-)
You float through the air rather than walking.
You learn spells naturally, not from books.
Your magical power is your life essence.
You have superior vitality. (+4 HP)


Message History

The quokka twitches its whiskers.
There is an open door here.
What are your orders? t - Shout!
Orders for allies: a - Attack new target. r - Retreat! s - Stop attacking. g - Guard the area. f - Follow me.
Anything else - Cancel.
You shout for attention!
The jackal barks!
The rat bites you.
Casting: Magic Dart (safe; 3% risk of failure)
Confirm with . or Enter, or press ? or * to list all spells.
Aiming: Searing Ray (safe; 4% risk of failure)
Press: ? - help, Shift-Dir - straight line, f - rat
Aim: a rat (22% to evade)
The searing ray hits the rat.
You kill the rat!
The searing ray hits the jackal.
The jackal is severely wounded.
The searing ray hits the jackal.
The jackal is almost dead. (Press . to maintain the ray.)
* * * LOW HITPOINT WARNING * * *
The searing ray hits the jackal.
You kill the jackal!
The searing ray misses the jackal.
The searing ray misses the quokka.
* * * LOW HITPOINT WARNING * * *
The searing ray hits the jackal.
You kill the jackal!
The searing ray hits the quokka!
You kill the quokka!
* * * LOW HITPOINT WARNING * * *
Things that are here:
a jackal corpse; a jackal corpse You see here a quokka corpse.
There is an open door here.
You reach down and open the door.
An adder comes into view.
There is an open door here.
You reach down and close the door.
A hobgoblin comes into view.
The hobgoblin shouts!
Casting: Searing Ray (safe; 4% risk of failure)
Confirm with . or Enter, or press ? or * to list all spells.
Aiming: Searing Ray (safe; 4% risk of failure)
Press: ? - help, Shift-Dir - straight line, f - hobgoblin
Aim: a hobgoblin (22% to evade)
The searing ray hits the hobgoblin.
You kill the hobgoblin! (Press . to maintain the ray.)
* * * LOW HITPOINT WARNING * * *
Found 11 stones.
You reach down and open the door.
A jackal comes into view.
Found 20 stones.
There is an open door here.
Casting: Searing Ray (safe; 4% risk of failure)
Confirm with . or Enter, or press ? or * to list all spells.
Aiming: Magic Dart (safe; 2% risk of failure)
Press: ? - help, Shift-Dir - straight line, f - jackal
Aim: a jackal (wandering, hasn't noticed you, 0% to evade)
The magic dart hits the jackal but does no damage.
The jackal barks!
* * * LOW HITPOINT WARNING * * *
Casting: Magic Dart (safe; 2% risk of failure)
Confirm with . or Enter, or press ? or * to list all spells.
Aiming: Magic Dart (safe; 2% risk of failure)
Press: ? - help, Shift-Dir - straight line, f/p - jackal
Aim: a jackal (0% to evade)
The magic dart hits the jackal.
You kill the jackal!
* * * LOW HITPOINT WARNING * * *
Found a stone staircase leading down.
Found a metal-bound book.
You reach down and open the door.
There is an open door here.
(D) Dungeon
Where to? (Enter - D:2, ? - help)
There is an open door here.
There is a stone staircase leading down here.
You fly downwards.
A worm, an endoplasm and a hobgoblin come into view.
Found three items.
Found three altars.
There is a stone staircase leading up here.
The endoplasm quivers.
A goblin comes into view. It is wielding a +0 dagger.
Found a hunting sling.
A ball python, 5 goblins and a hobgoblin come into view.
The goblin shouts!
The ball python hisses angrily.
The goblin shouts! x2
You hear a shout!
The goblin shouts! x2; You hear a shout! x2
A hobgoblin comes into view.
You hear a shout!
Found a stone staircase leading up.
An adder comes into view.
Found a scroll labelled FOUSTRILARI.
The hobgoblin shouts!
The goblin shouts!
The worm bites you.
* * * LOW HITPOINT WARNING * * *
The goblin hits you with a +0 dagger.
You die...

#.....?..
######.._.....#
##.......8_....###
##.......g_.........
#...................
#...................
#....g....##........
#...@JS.S...........
#.....w...g.........
#...?......g........
#.........##........
#.......g.##.g......
#..?..........g.....
#.........##........
##.......###.....^..
##.....## #gg......


You could see a worm, an adder, an endoplasm, a hobgoblin, 4 goblins and a ball
python.

Vanquished Creatures
  3 endoplasms
  2 giant cockroaches
  A hobgoblin (D:3)
  3 jackals (D:3)
  A quokka (D:3)
  A kobold (D:1)
  A rat (D:3)
12 creatures vanquished.

Notes
Turn   | Place    | Note
-------+----------+-------------------------------------------
     0 | D:1      | EnegeticOcto the Djinni Conjurer began the quest for the
                  | Orb.
     0 | D:1      | Reached XP level 1. HP: 15/15 MP: 0/0
   167 | D:3      | Reached skill level 1 in Fighting
   167 | D:3      | Reached XP level 2. HP: 7/22 MP: 0/0
   269 | D:4      | Found a basalt altar of Yredelemnul.
   269 | D:4      | Found a sparkling altar of Nemelex Xobeh.
   285 | D:4      | Slain by a goblin

Illustrated notes

Levels and vault maps discovered:
D:1:      psy_arrival_basics, layout_rooms
D:2:      layout_loops_cross, lemuel_crystal_altar
D:3:      layout_basic, chequers_ecumenical_altar_simple_redux,
          minmay_fountain_box
D:4:      layout_rooms, nicolae_overflow_hidden_temple,
          chequers_temple_overflow_statue_of_worship, uniq_robin

Skill      XL: |  1 |
---------------+----+-----
Fighting       | 1 |  1.3
Dodging        | |  2.1
Stealth        | |  1.5
Spellcasting   | |  3.9

Action                   || total
-------------------------++-------
Melee: Hand axe          ||     7
 Cast: Magic Dart        ||    15
       Searing Ray       ||     2
Armor: Robe              ||     4
Dodge: Dodged            ||     4

Table legend: (Time is in decaauts)
 A = Elapsed time spent in this place.
 B = Non-inter-level travel time spent in this place.
 C = Inter-level travel time spent in this place.
 D = Time resting spent in this place.
 E = Time spent auto-exploring this place.
 F = Levels seen in this place.
 G = Mean time per level.
                   A        B        C        D        E       F      G
               +--------+--------+--------+--------+--------+-----+--------+
         Total |    285 |    262 |     23 |      0 |      0 |   4 |   71.2 |
       Dungeon |    285 |    262 |     23 |      0 |      0 |   4 |   71.2 |
               +--------+--------+--------+--------+--------+-----+--------+

Top non-repeatable levels by time:
     D:3: 119 daAuts
     D:1: 97 daAuts
     D:2: 52 daAuts
     D:4: 15 daAuts
